 Dungeon Crawl Stone Soup version 0.30-a0-953-g5f1da4a474 (webtiles) character file.

Game seed: 8215244600322427833

1802862 x1te the Slayer (level 26, 237/237 (246) HPs)
             Began as a Minotaur Fighter on Mar 26, 2023.
             Was a High Priest of Qazlal.
             Escaped with the Orb
             ... and 3 runes on Mar 28, 2023!
             The game lasted 06:13:07 (58613 turns).

x1te the Slayer (Minotaur Fighter)                 Turns: 58613, Time: 06:13:08

HP:   237/237 (246) AC: 44    Str: 33    XL:     26   Next: 0%
MP:   36/36         EV: 17    Int:  3    God:    Qazlal [*****.]
Gold: 5291          SH: 33    Dex: 12    Spells: 25/25 levels left

rFire   + . .      SeeInvis +    b - +9 broad axe (heavy)
rCold   + + +      Faith    +    Q - +5 tower shield {AC+3}
rNeg    . . .      Spirit   .    p - +10 gold dragon scales
rPois   +          Reflect  .    (helmet restricted)
rElec   .          Rampage  .    C - +0 cloak "Bepracw" {rC+ Str+2}
rCorr   .          Rage     9%   (no gloves)
Will    ++...                    D - +1 pair of boots of the Illusory Dreams {rC+ Regen+ SInv} Stlth
                                 o - amulet of faith
HPRegen 1.39/turn                m - +5 ring of evasion
MPRegen 0.25/turn                J - ring of willpower

@: studying Fire Magic, lightly drained, repel missiles
A: horns 2, retaliatory headbutt, talons 1, iridescent scales 1, berserk 2,
deterioration 1, dopey 1, MP-powered wands
0: Orb of Zot
}: 3/15 runes: barnacled, silver, gossamer
a: Renounce Religion, Upheaval, Elemental Force, Disaster Area


You escaped.
You worshipped Qazlal.
Qazlal was extremely pleased with you.
You visited 10 branches of the dungeon, and saw 48 of its levels.
You visited 1 bazaar.
You also visited: Sewer, Bailey and Desolation.

You collected 9289 gold pieces.
You spent 3998 gold pieces at shops.

Inventory:

Hand Weapons
 b - a +9 heavy broad axe (weapon)
Missiles
 x - 4 silver boomerangs (quivered)
 E - 3 silver javelins
 F - 18 javelins
 N - 56 boomerangs
 S - 9 throwing nets
Armour
 p - +10 gold dragon scales (worn)
 C - the +0 cloak "Bepracw" (worn) {rC+ Str+2}
   (You found it on level 3 of the Shoals)

   Str:       It affects your strength (+2).
   rC:        It protects you from cold.
 D - the +1 pair of boots of the Illusory Dreams (worn) {rC+ Regen+ SInv}
   (You found it on level 2 of the Vaults)

   rC:        It protects you from cold.
   SInv:      It lets you see invisible.
   Regen:     It increases your rate of health regeneration.
 Q - a +5 tower shield of protection (worn)
Jewellery
 g - a +6 ring of intelligence
 m - a +5 ring of evasion (left hand)
 o - an amulet of faith (around neck)
 v - the ring of the Echidna {rPois rN++}
   (You found it on level 5 of the Vaults)

   [ring of poison resistance]

   rPois:     It protects you from poison.
   rN:        It greatly protects you from negative energy.
 H - a ring of protection from fire
 J - a ring of willpower (right hand)
 M - a ring of resist corrosion
 X - a ring of flight
Wands
 u - a wand of polymorph (17)
 z - a wand of digging (23)
 B - a wand of flame (53)
 G - a wand of acid (16)
 L - a wand of mindburst (20)
 U - a wand of charming (50)
 V - a wand of roots (35)
Scrolls
 a - 3 scrolls of butterflies
 c - 3 scrolls of fear
 i - 13 scrolls of immolation
 l - 4 scrolls of silence
 n - 23 scrolls of teleportation
 r - 8 scrolls of magic mapping
 t - 2 scrolls of poison
 y - 6 scrolls of fog
Potions
 d - 5 potions of might
 j - 3 potions of haste
 q - 2 potions of invisibility
 s - 4 potions of resistance
 A - a potion of cancellation
 K - 5 potions of magic
 P - 6 potions of flight
 R - 12 potions of curing
 T - 5 potions of ambrosia
Miscellaneous
 f - a phial of floods
 h - a condenser vane
 k - a box of beasts
 O - a tin of tremorstones (2/2)
 W - a phantom mirror
 Z - a lightning rod (4/4)


   Skills:
 + Level 22.0 Fighting
 - Level 17.9(18.0) Axes
 - Level 1.8(11.8) Maces & Flails
 - Level 16.0 Throwing
 + Level 22.0 Armour
 + Level 14.9 Dodging
 + Level 22.0 Shields
 + Level 20.2 Invocations
 + Level 16.8 Evocations


You had 25 spell levels left.
You didn't know any spells.
Your spell library contained the following spells:

 Spells                   Type           Power      Damage    Failure   Level
 Apportation              Tloc           0%         N/A       100%        1
 Beastly Appendage        Tmut           0%         N/A       100%        1
 Foxfire                  Conj/Fire      0%         2x1d2     100%        1
 Freeze                   Ice            0%         1d3       100%        1
 Magic Dart               Conj           0%         1d3       100%        1
 Necrotise                Necr           0%         1d4       100%        1
 Summon Small Mammal      Summ           0%         N/A       100%        1
 Call Imp                 Summ           0%         N/A       100%        2
 Cigotuvi's Dreadful Rot  Necr/Pois/Air  0%         N/A       100%        2
 Ensorcelled Hibernation  Hex/Ice        0%         N/A       100%        2
 Lesser Beckoning         Tloc           0%         N/A       100%        2
 Momentum Strike          Conj/Tloc      0%         3d8       100%        2
 Poisonous Vapours        Pois/Air       0%         N/A       100%        2
 Scorch                   Fire           0%         2d5       100%        2
 Searing Ray              Conj           0%         2d4       100%        2
 Wereblood                Tmut           0%         N/A       100%        2
 Dazzling Flash           Conj/Hex       0%         N/A       100%        3
 Gell's Gravitas          Tloc           0%         N/A       100%        3
 Ignite Poison            Fire/Tmut/Pois 0%         N/A       100%        3
 Inner Flame              Hex/Fire       0%         N/A       100%        3
 Kindle Blastsparks       Fire/Tloc/Air  0%         2d10      100%        3
 Mephitic Cloud           Conj/Pois/Air  0%         N/A       100%        3
 Ozocubu's Armour         Ice            0%         N/A       100%        3
 Spider Form              Tmut/Pois      0%         N/A       100%        3
 Stone Arrow              Conj/Erth      0%         3d7       100%        3
 Summon Guardian Golem    Hex/Summ       0%         N/A       100%        3
 Teleport Other           Tloc           0%         N/A       100%        3
 Vampiric Draining        Necr           0%         2d6       100%        3
 Vhi's Electric Charge    Tloc/Air       0%         N/A       100%        3
 Anguish                  Hex/Necr       0%         N/A       100%        4
 Animate Armour           Summ/Erth      0%         N/A       100%        4
 Animate Dead             Necr           0%         N/A       100%        4
 Cause Fear               Hex            0%         N/A       100%        4
 Flame Wave               Conj/Fire      0%         2d4       100%        4
 Iskenderun's Mystic Bla  Conj/Tloc      0%         2d3       100%        4
 Agony                    Necr           0%         N/A       100%        5
 Alistair's Intoxication  Tmut/Pois      0%         N/A       100%        5
 Arcjolt                  Conj/Air       0%         1d10      100%        5
 Blade Hands              Tmut           0%         N/A       100%        5
 Fireball                 Conj/Fire      0%         3d3       100%        5
 Freezing Cloud           Conj/Ice/Air   0%         6-21      100%        5
 Irradiate                Conj/Tmut      0%         3d11      100%        5
 Metabolic Englaciation   Hex/Ice        0%         N/A       100%        5
 Silence                  Hex/Air        0%         N/A       100%        5
 Summon Mana Viper        Hex/Summ       0%         N/A       100%        5
 Conjure Ball Lightning   Conj/Air       0%         3x3d6     100%        6
 Dispersal                Tloc           0%         N/A       100%        6
 Simulacrum               Ice/Necr       0%         N/A       100%        6
 Starburst                Conj/Fire      0%         6d3       100%        6
 Summon Cactus Giant      Summ           0%         N/A       100%        6
 Dragon Form              Tmut           0%         N/A       100%        7
 Haunt                    Necr/Summ      0%         N/A       100%        7
 Malign Gateway           Summ/Tloc      0%         N/A       100%        7
 Ozocubu's Refrigeration  Ice            0%         4d7       100%        7
 Discord                  Hex            0%         N/A       100%        8
 Infestation              Necr           0%         N/A       100%        8
 Lehudib's Crystal Spear  Conj/Erth      0%         10d2      100%        8
 Maxwell's Capacitive Co  Air            0%         ∞         100%        8
 Summon Horrible Things   Summ           0%         N/A       100%        8
 Chain Lightning          Conj/Air       0%         N/A       100%        9
 Dragon's Call            Summ           0%         N/A       100%        9


Dungeon Overview and Level Annotations

Branches:
Dungeon (15/15)            Temple (1/1) D:4            Lair (5/5) D:11
 Shoals (4/4) Lair:3       Spider (4/4) Lair:3        Slime (0/5) Lair:5
    Orc (2/2) D:12            Elf (3/3) Orc:2        Vaults (5/5) D:14
  Crypt (0/3) Vaults:2     Depths (4/4) D:15            Zot (5/5) Depths:4
  Sewer (visited)          Bailey (visited)         Desolation (visited)

Altars:
Ashenzari
Cheibriados
Dithmenos
Elyvilon
Fedhas
Gozag
Hepliaklqana
Kikubaaqudgha
Makhleb
Nemelex Xobeh
Okawaru
Qazlal
Ru
Sif Muna
Trog
Uskayaw
Vehumet
Wu Jian
Xom
Yredelemnul
Zin
The Shining One

Shops:
D:2 =   D:12 [   D:14 !==*   Orc:2 =[(:*   Elf:1 [   Elf:2 [:   Shoals:1 (
Shoals:2 *   Shoals:3 [   Vaults:1 [(?*   Vaults:2 (*=   Depths:3 !=*?

Portals:
Hell: Depths:1 Depths:2 Depths:3 Depths:4
Abyss: Depths:3
Pandemonium: Depths:1 Depths:2
Ziggurat: Depths:1

Annotations:
Lair:5 exclusion: oklob plant


Innate Abilities, Weirdness & Mutations

You have a pair of horns on your head.
You reflexively headbutt those who attack you in melee.
You have sharp toenails.
You are partially covered in iridescent scales. (AC +2)
You have an uncontrollable temper.
Your body sometimes deteriorates upon taking damage.
You are dopey. (Int -2)
You expend magic power (3 MP) to strengthen your wands.


Message History

There is an open door here.
There is a stone staircase leading up here.
You climb upwards.
There is a stone staircase leading down here.
You hear a roar!
There is a stone staircase leading up here.
You climb upwards.
There is a stone staircase leading down here.
You see here a +0 leather armour.
There is a stone staircase leading up, spattered with blood here.
You climb upwards.
There is a stone staircase leading down here.
A smoke demon comes into view.
The smoke demon roars!
The smoke demon gestures at you. Something smites you!
You barely miss the smoke demon. You headbutt the smoke demon!
The smoke demon is lightly wounded.
You block the smoke demon's attack. x3
You cut the smoke demon into ribbons!!!
You kill the smoke demon!
Qazlal accepts your kill.
You have reached level 26!
There is a stone staircase leading up here.
You climb upwards.
There is a stone staircase leading down here.
There is a stone staircase leading up here.
You climb upwards.
There is a stone staircase leading down here.
There is a stone staircase leading up here.
You climb upwards.
There is a stone staircase leading down here.
There is a stone staircase leading up here.
You climb upwards.
There is a stone staircase leading down here.
There is an open door here.
You open the door.
There is an open door here.
There is a staircase leading out of the dungeon here.
You have escaped!

##...# #######.# #.# ...####
#.#####.## #.....#
###########.....#..#
#.....#######.......#..........#
#...........'.>.>.>.'..........#
............#.......#..........#
............#########..........#
............#...°...#.####..####
.......#....'..☼@...'.##.#..##
.......#....#..°.○..#........####
.......####.############.........
.......#..#.......#..........####
.......#.....####.#.####.....#.##
..........##.# #.#............#.
.............####.######.....#.#.
......#....####.......##.....#.#.
......#.............).##.#...#.##


There were no monsters in sight!

Vanquished Creatures
  A dread lich (Zot:5)
  5 orbs of fire (Zot:5)
  3 ancient liches
  2 juggernauts (Depths:3)
  Margery (Vaults:4)
  4 Killer Klowns (Zot:5)
  A curse toe (Zot:4)
  9 golden dragons
  The ghost of Estra the Markscentaur, an adept CeHu of Okawaru (Elf:3)
  4 caustic shrikes
  The ghost of Dyrphilu the Spry, an adept GnMo of Gozag (Vaults:2)
  Arachne (Spider:2)
  2 electric golems
  Mlioglotl (Spider:1)
  28 Orb Guardians
  13 tentacled monstrosities
  2 liches
  A walking earthen tome (Depths:3)
  2 walking divine tomes (Depths:3)
  5 quicksilver dragons
  2 titans (Vaults:5)
  A kraken (Shoals:3)
  2 deep elf blademasters (Elf:3)
  An Executioner (Zot:1)
  2 deep elf master archers (Elf:3)
  5 death cobs
  The ghost of Xuirch the Warrior, an adept MiFi of Cheibriados (Shoals:3)
  Agnes (Spider:1)
  4 tengu reavers
  10 shadow dragons
  5 sphinxes
  11 storm dragons
  13 draconian monks
  An imperial myrmidon (Desolation)
  20 vault wardens
  5 fire giants
  5 deep elf sorcerers
  12 frost giants
  An emperor scorpion (Spider:4)
  A ghost moth (Spider:1)
  3 balrugs
  Aizul (Lair:3)
  4 deep elf elementalists
  7 draconian scorchers
  2 orc warlords
  A cacodemon (Depths:1)
  2 spriggan defenders (Depths:3)
  A juggernaut skeleton (Depths:1)
  24 very ugly things
  2 war gargoyles
  A draconian shifter (Zot:3)
  3 draconian annihilators
  8 broodmothers
  9 ironbound thunderhulks
  A demonspawn blood saint (Depths:2)
  20 stone giants
  Nessos (D:13)
  12 ironbound preservers
  11 black draconians
  Azrael (D:13)
  4 deep elf demonologists (Elf:3)
  3 minotaurs (Shoals:4)
  10 white draconians
  9 green draconians
  3 vampire knights
  10 red draconians
  A halazid warlock (Desolation)
  9 deep elf annihilators
  3 dire elephants (Vaults:4)
  10 purple draconians
  8 yellow draconians
  2 spark wasps
  14 ettins
  Snorg (D:13)
  4 deep elf death magi
  4 blizzard demons
  4 crystal guardians
  An entropy weaver (shapeshifter) (D:14)
  11 entropy weavers
  A merfolk javelineer (Shoals:3)
  3 merfolk impalers
  7 fire dragons
  5 deep elf high priests (Elf:3)
  6 great orbs of eyes
  6 yaktaur captains
  34 vault guards
  14 ragged hierophants (Desolation)
  6 servants of whispers (Desolation)
  Harold (D:10)
  8 peacekeepers
  4 rakshasas
  2 jorogumos
  3 ice dragons
  5 hydras
  2 catoblepae
  An ogre mage (Vaults:5)
  4 radroaches
  An alligator snapping turtle (Shoals:2)
  4 ironbound frosthearts
  5 spriggan air magi
  8 centaur warriors
  A jorogumo (shapeshifter) (Depths:3)
  14 satyrs
  3 merfolk avatars
  2 death knights
  6 boulder beetles
  7 merfolk aquamancers
  7 two-headed ogres
  23 dancing weapons
  16 death yaks
  4 deep troll shamans
  A death scarab (Spider:3)
  3 hell hogs (Depths:1)
  7 deep troll earth magi
  A vampire mage (Depths:3)
  7 spriggan berserkers
  15 hell knights
  5 sun demons
  5 skysharks
  A titan skeleton (Vaults:4)
  19 deep elf knights
  4 sixfirhies
  47 deep trolls
  19 sea snakes
  4 death drakes (Depths:4)
  12 pharaoh ants
  A skeletal warrior (D:15)
  2 iron trolls
  3 sun moths
  An orange crystal statue (Vaults:3)
  6 steelbarb worms
  A flayed ghost (Depths:2)
  9 orb spiders
  2 wizards
  4 phantasmal warriors (Vaults:5)
  13 orc knights
  10 lindwurms
  17 harpies
  18 ironbound convokers
  35 ugly things
  21 deep elf archers
  33 deep elf pyromancers
  12 wolf spiders
  34 deep elf zephyrmancers
  13 necromancers
  3 orc sorcerers
  An oklob plant (Lair:4)
  10 cyclopes
  20 fauns
  10 manticores
  A shining eye (shapeshifter) (Vaults:5)
  An iron dragon skeleton (Depths:1)
  7 moths of wrath
  11 elephants
  A torpor snail (shapeshifter) (Elf:1)
  13 merfolk sirens
  12 vault sentinels
  4 guardian serpents (Desolation)
  A rust devil (Depths:1)
  2 water nymphs (Shoals:4)
  A black mamba (shapeshifter) (D:14)
  A gargoyle (D:10)
  6 black mambas
  8 demonic crawlers
  6 torpor snails
  4 smoke demons
  11 cane toads
  3 rime drakes
  2 kobold demonologists
  16 yaktaurs
  An unseen horror (D:11)
  3 freezing wraiths
  A tengu conjurer (Depths:1)
  11 komodo dragons
  A spriggan skeleton (Depths:1)
  A yaktaur skeleton (Vaults:4)
  10 trolls
  7 polar bears
  8 hornets
  37 merfolk
  Prince Ribbit (D:5)
  7 meliai
  A hellwing (D:14)
  29 tarantellas
  2 wind drakes
  8 dream sheep
  A sphinx simulacrum (Depths:1)
  64 saltlings
  10 snapping turtles
  19 blink frogs
  39 jumping spiders
  6 air elementals
  24 slime creatures
  22 culicivoras
  16 spriggans
  A human simulacrum (Vaults:4)
  2 wyverns
  13 water elementals
  An ettin skeleton (Depths:1)
  A shadow (D:11)
  A human (D:14)
  5 wraiths
  22 yaks
  3 vampires
  A fire bat (shapeshifter) (Depths:3)
  2 basilisks
  11 fire elementals
  A chaos spawn (Depths:1)
  2 steam dragons
  11 vampire mosquitoes
  A neqoxec (D:13)
  3 golden eyes (Depths:2)
  67 redbacks
  11 wargs
  2 swamp worms (shapeshifter)
  2 large abominations (Zot:1)
  3 acid dragons
  2 hell hounds (D:13)
  A glowing shapeshifter zombie (Depths:1)
  17 water moccasins
  3 floating eyes
  A glowing shapeshifter skeleton (Depths:1)
  A floating eye (shapeshifter) (Depths:3)
  Pargi (Sewer)
  61 orc warriors
  An ice beast (D:8)
  6 ogres
  6 black bears
  A boggart (shapeshifter) (Depths:3)
  9 boggarts
  3 phantoms
  29 wolves
  14 centaurs
  6 kobold brigands
  A scorpion (D:7)
  A gnoll sergeant (D:11)
  16 bullfrogs
  4 earth elementals
  6 wights
  7 killer bees
  A howler monkey (D:7)
  5 electric eels
  A lava snake (Orc:2)
  4 hounds
  5 jellies
  16 orc priests
  Jessica (D:2)
  A sleepcap (D:6)
  7 iguanas
  24 orc wizards
  2 hell rats (Lair:1)
  5 gnolls
  10 river rats (Lair:1)
  9 adders
  4 white imps
  3 ufetubi
  4 dart slugs
  104 orcs
  6 ball pythons
  4 endoplasms
  8 giant cockroaches
  12 goblins
  8 hobgoblins
  6 jackals
  31 kobolds
  3 quokkas
  7 bats
  4 frilled lizards
  3 rats
  A ball lightning (D:13)
  3 butterflies (Lair:2)
  4 tentacles (Shoals:3)
2166 creatures vanquished.

Vanquished Creatures (collateral kills)
  A juggernaut (Depths:4)
  A sphinx (Vaults:5)
  Frances (D:14)
  A death cob (Zot:4)
  An emperor scorpion (Spider:4)
  An orc warlord (Bailey)
  2 deep elf annihilators (Elf:3)
  A merfolk javelineer (Shoals:4)
  A deep elf high priest (Elf:3)
  A yaktaur captain (Vaults:5)
  A servant of whispers (Desolation)
  3 vault guards (Vaults:5)
  2 merfolk aquamancers
  A catoblepas (Lair:2)
  A death yak (Lair:2)
  Nergalle (D:12)
  5 sea snakes
  A deep elf archer (Elf:3)
  A harpy (Shoals:4)
  A deep elf zephyrmancer (Elf:3)
  A faun (Shoals:3)
  An ugly thing (D:10)
  A cyclops (D:14)
  2 manticores (Shoals:4)
  A guardian serpent (Desolation)
  A molten gargoyle (Desolation)
  A tengu conjurer (D:12)
  4 merfolk
  2 saltlings (Desolation)
  A snapping turtle (Shoals:2)
  A yak (Lair:2)
  A water elemental (Shoals:3)
  An orc (Orc:1)
  2 kobolds (D:13)
48 creatures vanquished.

Vanquished Creatures (others)
  A pandemonium lord (D:13)
  A frost giant (Depths:1)
  A white draconian (Zot:5)
  A red draconian (Zot:3)
  An ice dragon (Depths:1)
  2 deep elf knights
  A deep elf zephyrmancer (Elf:2)
  A deep elf pyromancer (Elf:2)
  A dream sheep (Shoals:4)
  A jumping spider (Spider:4)
  An air elemental (Elf:1)
  An orc (D:12)
  5 ball lightnings (D:13)
  27 fungi
  150 plants
  7 tentacles (Shoals:3)
202 creatures vanquished.

Grand Total: 2416 creatures vanquished

Notes
Turn   | Place    | Note
-------+----------+-------------------------------------------
     0 | D:1      | x1te the Minotaur Fighter began the quest for the Orb.
     0 | D:1      | Reached XP level 1. HP: 19/19 MP: 0/0
   105 | D:1      | Reached XP level 2. HP: 27/27 MP: 1/1
   829 | D:2      | Reached XP level 3. HP: 29/33 MP: 2/2
  1067 | D:2      | Found Xiavurab's Jewellery Boutique.
  1169 | D:2      | Identified the +0 mace "Widowermaker" {freeze, rN+}
  1170 | D:2      | Noticed Jessica
  1174 | D:2      | Killed Jessica
  1175 | D:2      | Reached XP level 4. HP: 40/40 MP: 3/3
  1210 | D:2      | Found a faded altar of an unknown god.
  1593 | D:3      | Reached XP level 5. HP: 47/47 MP: 4/4
  1812 | D:4      | Found a staircase to the Ecumenical Temple.
  1820 | Temple   | Entered the Ecumenical Temple
  1939 | Temple   | Became a worshipper of Qazlal Stormbringer
  2216 | D:4      | Reached skill level 5 in Axes
  2643 | D:5      | Entered Level 5 of the Dungeon
  2643 | D:5      | Noticed an ogre
  2643 | D:5      | Noticed a centaur
  2651 | D:4      | Killed an ogre
  2652 | D:4      | Reached skill level 5 in Armour
  2652 | D:4      | Reached XP level 6. HP: 14/55 MP: 5/5
  2835 | D:5      | Reached skill level 5 in Shields
  2866 | D:5      | Found a glowing drain.
  2877 | Sewer    | Entered a sewer
  2937 | Sewer    | Noticed Pargi
  2952 | Sewer    | Killed Pargi
  2952 | Sewer    | Reached * piety under Qazlal
  2953 | Sewer    | Reached skill level 5 in Fighting
  2953 | Sewer    | Reached skill level 1 in Throwing
  2953 | Sewer    | Reached skill level 1 in Invocations
  3076 | D:5      | Found a bloodstained altar of Trog.
  3077 | D:5      | Noticed a water moccasin
  3226 | D:5      | Reached XP level 7. HP: 61/61 MP: 5/7
  3565 | D:5      | Noticed Prince Ribbit
  3584 | D:5      | Killed Prince Ribbit
  3585 | D:5      | Reached XP level 8. HP: 44/70 MP: 8/8
  4193 | D:6      | Reached ** piety under Qazlal
  4356 | D:6      | Reached skill level 1 in Maces & Flails
  4391 | D:6      | Identified the +11 hand axe of the Slime-mould {heavy,
                  | Int+3 Dex+4}
  4890 | D:6      | Found an opulent altar of Gozag.
  4896 | D:6      | Found a burning altar of Makhleb.
  5329 | D:6      | Reached XP level 9. HP: 55/78 MP: 10/10
  5402 | D:6      | Found a shimmering blue altar of Sif Muna.
  5759 | D:7      | Found a hide-covered altar of Uskayaw.
  6084 | D:2      | Bought a ring of willpower for 275 gold pieces
  6307 | D:7      | Reached *** piety under Qazlal
  6696 | D:8      | Noticed a five-headed hydra
  6698 | D:8      | Identified the +8 shortbow of the Fray {antimagic, rF+
                  | Will+ Int+2}
  6727 | D:9      | Noticed a troll
  6736 | D:9      | Killed a troll
  6849 | D:9      | Found a flagged portal.
  6861 | Bailey   | Entered a bailey
  6866 | Bailey   | Noticed an orc warlord
  6915 | Bailey   | Reached XP level 10. HP: 86/86 MP: 12/12
  7003 | Bailey   | Found a runed translucent gate.
  7006 | Bailey   | Found a runed translucent gate.
  7032 | Bailey   | Found a runed translucent gate.
  7194 | Bailey   | Killed an orc warlord
  7195 | Bailey   | Reached skill level 10 in Axes
  7195 | Bailey   | Reached skill level 5 in Throwing
  7195 | Bailey   | Reached skill level 5 in Invocations
  7327 | D:9      | Noticed a two-headed ogre
  7530 | D:8      | Reached **** piety under Qazlal
  8201 | D:8      | Killed a nine-headed hydra
  8746 | D:9      | Killed a two-headed ogre
  8747 | D:9      | Reached XP level 11. HP: 92/95 MP: 14/14
  8817 | D:9      | Noticed a two-headed ogre
  8823 | D:9      | Killed a two-headed ogre
  9119 | D:10     | Entered Level 10 of the Dungeon
  9139 | D:10     | Noticed a two-headed ogre
  9141 | D:10     | Reached ***** piety under Qazlal
  9148 | D:10     | Killed a two-headed ogre
  9300 | D:10     | Noticed a two-headed ogre
  9305 | D:10     | Killed a two-headed ogre
  9434 | D:10     | Found an ancient bone altar of Kikubaaqudgha.
  9475 | D:10     | Noticed a deep elf pyromancer
  9476 | D:10     | Noticed a four-headed hydra
  9476 | D:10     | Noticed a green ugly thing
  9648 | D:10     | Noticed Harold
  9655 | D:10     | Killed Harold
  9782 | D:10     | Killed a green ugly thing
  9802 | D:10     | Killed a deep elf pyromancer
  9852 | D:10     | Killed a ten-headed hydra
 10049 | D:10     | Noticed a cyan ugly thing
 10058 | D:10     | Noticed a boulder beetle
 10587 | D:10     | Killed a boulder beetle
 10670 | D:10     | Killed a cyan ugly thing
 10803 | D:11     | Reached XP level 12. HP: 106/106 MP: 16/16
 10809 | D:11     | Reached skill level 10 in Armour
 10832 | D:11     | Found a staircase to the Lair.
 10976 | D:11     | Reached skill level 10 in Fighting
 11022 | D:11     | Reached skill level 10 in Shields
 11132 | D:11     | Found a hide-covered altar of Uskayaw.
 11649 | Lair:1   | Entered Level 1 of the Lair of Beasts
 11662 | Lair:1   | Reached skill level 1 in Evocations
 12703 | Lair:2   | Noticed an eight-headed hydra
 12711 | Lair:2   | Killed a ten-headed hydra
 13013 | Lair:2   | Noticed a death yak
 13015 | Lair:2   | Noticed a death yak
 13018 | Lair:2   | Noticed a death yak
 13024 | Lair:2   | Killed a death yak
 13030 | Lair:2   | Killed a death yak
 13035 | Lair:2   | Killed a death yak
 13081 | Lair:2   | Noticed a death yak
 13088 | Lair:2   | Noticed a death yak
 13090 | Lair:2   | Noticed a death yak
 13091 | Lair:2   | Killed a death yak
 13096 | Lair:2   | Noticed a death yak
 13099 | Lair:2   | Noticed a death yak
 13100 | Lair:2   | Noticed a death yak
 13105 | Lair:2   | Killed a death yak
 13109 | Lair:2   | Killed a death yak
 13110 | Lair:2   | Reached XP level 13. HP: 73/115 MP: 10/18
 14111 | Lair:2   | Upgraded the game from 0.30-a0-946-gec5dcfc036 to
                  | 0.30-a0-949-g53dc5368d7
 14199 | Lair:3   | Found a staircase to the Shoals.
 14287 | Lair:3   | Found a hole to the Spider Nest.
 14949 | Lair:4   | Found a basalt altar of Yredelemnul.
 16269 | Lair:5   | Entered Level 5 of the Lair of Beasts
 16393 | Lair:4   | Reached XP level 14. HP: 79/126 MP: 20/20
 16551 | Lair:4   | Reached skill level 5 in Evocations
 16559 | Lair:5   | Reached ****** piety under Qazlal
 16621 | Lair:4   | Reached skill level 10 in Invocations
 17616 | Lair:5   | Found a staircase to the Slime Pits.
 18286 | D:12     | Noticed Nergalle
 18423 | D:12     | Found a staircase to the Orcish Mines.
 18423 | D:12     | Found Tewegol's Armour Emporium.
 18434 | D:12     | Reached skill level 10 in Throwing
 18437 | D:12     | Killed Nergalle
 18548 | D:12     | Bought a +0 pair of boots for 81 gold pieces
 18889 | Orc:1    | Entered Level 1 of the Orcish Mines
 18980 | Orc:1    | Noticed an orc warlord
 18996 | Orc:1    | Killed an orc warlord
 19300 | Orc:2    | Entered Level 2 of the Orcish Mines
 19451 | Orc:2    | Reached XP level 15. HP: 75/135 MP: 22/22
 19451 | Orc:2    | Reached XP level 16. HP: 80/144 MP: 23/23
 19983 | Orc:2    | Found Noclit's Book Shoppe.
 19983 | Orc:2    | Found Eqavoerph's Assorted Antiques.
 20124 | Orc:2    | Found Buopp's Antique Weapon Boutique.
 20180 | Orc:2    | Found a staircase to the Elven Halls.
 20558 | Orc:2    | Found Hymiog's Jewellery Shoppe.
 20558 | Orc:2    | Found Athaawunnu's Armour Boutique.
 20795 | Orc:2    | Bought a phial of floods for 1000 gold pieces
 20795 | Orc:2    | Bought a scroll of teleportation for 75 gold pieces
 21204 | D:13     | Noticed Nessos
 21231 | D:13     | Killed Nessos
 21366 | D:13     | Noticed Snorg
 21373 | D:13     | Killed Snorg
 21430 | D:13     | Found a gateway to a bazaar.
 21438 | Bazaar   | Entered a bazaar
 21439 | Bazaar   | Found Datty's Distillery.
 21450 | Bazaar   | Found Xeve Kyt's Antique Weapon Emporium.
 21461 | Bazaar   | Found Lommypn's Antique Armour Shop.
 21469 | Bazaar   | Found Fedwoh's Jewellery Shop.
 21480 | Bazaar   | Found Mepou's General Store.
 21512 | Bazaar   | Bought a potion of heal wounds for 70 gold pieces
 21512 | Bazaar   | Bought a potion of heal wounds for 70 gold pieces
 21512 | Bazaar   | Bought a potion of curing for 42 gold pieces
 21512 | Bazaar   | Bought a potion of curing for 42 gold pieces
 21689 | D:13     | Noticed Azrael
 21702 | D:13     | Killed Azrael
 22461 | D:14     | Noticed Frances
 22487 | D:14     | Killed Frances
 22542 | D:14     | Found Paawkom's Jewellery Shoppe.
 23098 | D:14     | Found Xepiblyo's Jewellery Boutique.
 23152 | D:14     | Found Qicli's Distillery.
 23199 | D:14     | Found a gate to the Vaults.
 23671 | D:14     | Identified a scroll of acquirement
 23672 | D:14     | Acquired 1161 gold pieces
 23804 | D:14     | Found Niptij's General Store.
 23808 | D:14     | Bought a scroll of butterflies for 52 gold pieces
 23808 | D:14     | Bought a scroll of teleportation for 39 gold pieces
 23978 | D:15     | Entered Level 15 of the Dungeon
 24354 | D:15     | Found a staircase to the Depths.
 24880 | D:15     | Found a stormy altar of Qazlal.
 25327 | Depths:1 | Entered Level 1 of the Depths
 25380 | Depths:1 | Noticed a tengu reaver
 25384 | Depths:1 | Paralysed by a floating eye for 2 turns
 25595 | Spider:1 | Entered Level 1 of the Spider Nest
 25605 | Spider:1 | Noticed Aizul
 25627 | Lair:3   | Killed Aizul
 26013 | Spider:1 | Reached XP level 17. HP: 151/152 MP: 25/25
 26104 | Spider:1 | Noticed Agnes
 26159 | Spider:1 | Killed Agnes
 26946 | Spider:1 | Noticed Mlioglotl
 26977 | Spider:1 | Killed Mlioglotl
 28496 | Spider:2 | Identified the +3 scale mail of the Untouchables {rElec}
 28503 | Spider:2 | Noticed Arachne
 28524 | Spider:2 | Killed Arachne
 30513 | Spider:3 | Identified the +1 ring mail "Wacw" {rC- Str+5 SInv}
 30688 | Spider:3 | Gained mutation: Your body sometimes deteriorates upon
                  | taking damage. [mutagenic glow]
 31076 | Spider:3 | Identified the +6 hand axe of Anguish {protect, Fragile
                  | Int+4}
 31539 | Spider:4 | Entered Level 4 of the Spider Nest
 31882 | Spider:4 | Reached skill level 10 in Evocations
 32064 | Spider:4 | Reached XP level 18. HP: 162/162 MP: 27/27
 32526 | Spider:4 | Reached skill level 15 in Axes
 32837 | Spider:4 | Reached skill level 15 in Fighting
 33044 | Spider:4 | Got a gossamer rune of Zot
 33415 | Shoals:1 | Entered Level 1 of the Shoals
 33425 | Shoals:1 | Reached skill level 15 in Armour
 33425 | Shoals:1 | Reached skill level 15 in Shields
 33481 | Shoals:1 | Found Gumpi's Weapon Boutique.
 34419 | Shoals:2 | Found Daistuwo's Overcharged Wands.
 34812 | Shoals:2 | Reached skill level 15 in Invocations
 35133 | Shoals:1 | Upgraded the game from 0.30-a0-949-g53dc5368d7 to
                  | 0.30-a0-953-g5f1da4a474
 35842 | Shoals:3 | Found a runed translucent gate.
 36028 | Shoals:3 | Found a runed translucent gate.
 36028 | Shoals:3 | Found a runed translucent gate.
 36028 | Shoals:3 | Noticed Xuirch's ghost (adept MiFi)
 36031 | Shoals:3 | Identified the ring "Mos Qom" {Drain rPois Str+7}
 36045 | Shoals:3 | Identified the +0 cloak "Bepracw" {rC+ Str+2}
 36081 | Shoals:3 | Killed Xuirch's ghost
 36356 | Shoals:3 | Reached XP level 19. HP: 137/159 MP: 29/29
 36464 | Shoals:3 | Found Nixa Doq's Armour Boutique.
 36746 | Shoals:4 | Entered Level 4 of the Shoals
 38537 | Shoals:4 | Got a barnacled rune of Zot
 39120 | Vaults:1 | Entered Level 1 of the Vaults
 39120 | Vaults:1 | Found Diplir's Magic Scroll Shoppe.
 39623 | Vaults:1 | Found Gof Atir's General Store.
 39631 | Vaults:1 | Bought a potion of curing for 51 gold pieces
 39631 | Vaults:1 | Bought a scroll of blinking for 127 gold pieces
 39927 | Vaults:1 | Found Woluwkia's Antique Weapon Boutique.
 40051 | Vaults:1 | Found Solub's Antique Armour Emporium.
 40058 | Vaults:1 | Bought a spiked plate armour for 420 gold pieces
 40058 | Vaults:1 | Identified the +0 plate armour of Kuruemav {-Tele rF+
                  | Str+2} (You bought it in a shop on level 1 of the Vaults)
 40606 | Vaults:2 | Found Lyphianno's Jewellery Emporium.
 40626 | Vaults:2 | Found Ycilyssut's Assorted Antiques.
 40631 | Vaults:2 | Paralysed by a great orb of eyes for 3 turns
 40639 | Vaults:2 | Bought a scroll of teleportation for 102 gold pieces
 40639 | Vaults:2 | Bought a potion of curing for 102 gold pieces
 40639 | Vaults:2 | Bought a scroll of blinking for 255 gold pieces
 40860 | Vaults:2 | Found Tuabraw's Antique Weapon Shop.
 40899 | Vaults:2 | Reached skill level 1 in Dodging
 41423 | Vaults:2 | Reached XP level 20. HP: 149/180 MP: 30/30
 41719 | Vaults:2 | Reached skill level 15 in Throwing
 41816 | Vaults:2 | Found a large runed translucent door.
 41816 | Vaults:2 | Found a large runed translucent door.
 41816 | Vaults:2 | Found a large runed translucent door.
 41816 | Vaults:2 | Found a large runed translucent door.
 41816 | Vaults:2 | Found a large runed translucent door.
 41816 | Vaults:2 | Found a large runed translucent door.
 41816 | Vaults:2 | Found a large runed translucent door.
 41816 | Vaults:2 | Found a large runed translucent door.
 41816 | Vaults:2 | Noticed Dyrphilu's ghost (adept GnMo)
 41830 | Vaults:2 | Killed Dyrphilu's ghost
 41843 | Vaults:2 | Identified the +1 pair of boots of the Illusory Dreams {rC+
                  | Regen+ SInv}
 42049 | Vaults:2 | Found a staircase to the Crypt.
 42049 | Vaults:2 | Found an ancient bone altar of Kikubaaqudgha.
 42049 | Vaults:2 | Found a basalt altar of Yredelemnul.
 43189 | Vaults:4 | Noticed Margery
 43505 | Vaults:4 | Killed Margery
 43971 | Vaults:4 | Reached skill level 5 in Dodging
 44650 | Elf:1    | Entered Level 1 of the Elven Halls
 44840 | Elf:1    | Reached XP level 21. HP: 191/191 MP: 32/32
 44929 | Elf:1    | Found Barejefoy's Armour Shop.
 44947 | Elf:1    | Bought a +0 tower shield of protection for 195 gold pieces
 45384 | Elf:1    | Found a radiant altar of Vehumet.
 45648 | Elf:2    | Paralysed by an air elemental for 1 turns
 45696 | Elf:2    | Found Typliok's Antique Armour Emporium.
 46218 | Elf:2    | Found Codwazxy's Tremendous Tomes.
 46363 | Elf:2    | Found a crumbling gateway.
 46375 | Desolati | Entered the Desolation of Salt
 46503 | Desolati | Identified the +7 morningstar of Beastly Cruel Justice
                  | {freeze, Str+3 Int+8}
 46503 | Desolati | Identified the ring "Ezoll" {rPois rN+}
 46923 | Desolati | Identified the ring of Etaid {rPois rCorr Str-3 SInv}
 46944 | Desolati | Identified the +3 quarterstaff "Ozub" {elec, Dex+3}
 46945 | Desolati | Identified the ring "Moh Kyrao" {*Corrode rF+ rC++ Str+6
                  | Stlth+}
 46952 | Desolati | Got the Folio of Confrontation
 47335 | Elf:2    | Found a huge runed translucent gate.
 47335 | Elf:2    | Found a huge runed translucent gate.
 47335 | Elf:2    | Found a huge runed translucent gate.
 47339 | Elf:2    | Found a huge runed translucent gate.
 47340 | Elf:2    | Found a huge runed translucent gate.
 48074 | Elf:3    | Entered Level 3 of the Elven Halls
 48074 | Elf:3    | Found a runed translucent gate.
 48074 | Elf:3    | Found a runed translucent gate.
 48086 | Elf:3    | Found a runed translucent gate.
 48086 | Elf:3    | Noticed Estra's ghost (adept CeHu)
 48279 | Elf:3    | Paralysed by an air elemental for 1 turns
 48282 | Elf:3    | Reached XP level 22. HP: 202/202 MP: 33/33
 48376 | Elf:3    | Paralysed by an air elemental for 1 turns
 48576 | Elf:3    | Identified the +3 short sword "Hoefemuk" {holy, rN+}
 48641 | Elf:3    | Got the Secrets of Jinxing and the Crevasse
 48723 | Elf:3    | Identified the amulet "Kyanack" {RegenMP Contam Int+3}
 48734 | Elf:3    | Identified the +0 scale mail of Muttered Phrases {Fly rF+
                  | Int+2 Stlth+}
 48736 | Elf:3    | Got the Anthology of Putrid Creation
 48739 | Elf:3    | Identified the +5 war axe of Vokilogo {pain, rC++ Dex+4}
 48742 | Elf:3    | Got Qaudeym's Intricacies of Spellweaving
 48756 | Elf:3    | Identified the +2 buckler of Bezuis {Int+3}
 48848 | Elf:3    | Paralysed by an air elemental for 1 turns
 49048 | Elf:3    | Killed Estra's ghost
 49601 | Depths:1 | Paralysed by a floating eye for 4 turns
 49748 | Depths:1 | Found a one-way gate leading to the halls of Pandemonium.
 49821 | Depths:1 | Found a one-way gateway to a ziggurat.
 49872 | Depths:1 | Paralysed by a floating eye for 4 turns
 50027 | Depths:1 | Found a gateway to Hell.
 50102 | Depths:1 | Found a white marble altar of Elyvilon.
 50723 | Depths:2 | Found a faded altar of an unknown god.
 51316 | Depths:3 | You fall into a shaft and drop 1 floor!
 51316 | Depths:4 | Entered Level 4 of the Depths
 51339 | Depths:4 | Reached skill level 10 in Dodging
 51492 | Depths:4 | Reached XP level 23. HP: 213/213 MP: 34/34
 51670 | Depths:4 | Noticed a juggernaut
 51678 | Depths:4 | Killed a juggernaut
 51764 | Depths:3 | Found Duobeinn's General Store.
 51766 | Depths:3 | Found Idgh's Jewellery Shop.
 51768 | Depths:3 | Found Nalear's Distillery.
 51772 | Depths:3 | Bought a scroll of teleportation for 42 gold pieces
 51776 | Depths:3 | Bought a potion of curing for 63 gold pieces
 51804 | Depths:3 | Noticed a juggernaut
 51811 | Depths:3 | Killed a juggernaut
 51850 | Depths:3 | Found a one-way gate to the infinite horrors of the Abyss.
 51976 | Depths:3 | Found Fyoleat's Magic Scroll Boutique.
 51979 | Depths:3 | Bought a scroll of enchant armour for 172 gold pieces
 51979 | Depths:3 | Bought a scroll of enchant armour for 172 gold pieces
 51979 | Depths:3 | Bought a scroll of teleportation for 69 gold pieces
 51979 | Depths:3 | Bought a scroll of enchant armour for 172 gold pieces
 51979 | Depths:3 | Bought a scroll of immolation for 92 gold pieces
 52023 | Depths:3 | Noticed a caustic shrike
 52027 | Depths:3 | Killed a caustic shrike
 52363 | Depths:3 | Noticed a juggernaut
 52370 | Depths:3 | Killed a juggernaut
 53024 | Depths:4 | Noticed a caustic shrike
 53024 | Depths:4 | Noticed a caustic shrike
 53024 | Depths:4 | Noticed a caustic shrike
 53032 | Depths:3 | Killed a caustic shrike
 53032 | Depths:3 | Killed a caustic shrike
 53041 | Depths:4 | Killed a caustic shrike
 53151 | Depths:4 | Reached skill level 15 in Evocations
 53182 | Depths:4 | Found a blossoming altar of Fedhas.
 53723 | Depths:4 | Reached XP level 24. HP: 203/224 MP: 35/35
 53743 | Depths:4 | Found a gate to the Realm of Zot.
 53757 | Depths:4 | Identified the staff of earth "Ruces" {+Blink}
 54294 | Vaults:5 | Entered Level 5 of the Vaults
 54320 | Vaults:5 | Noticed an ancient lich
 54326 | Vaults:5 | Killed an ancient lich
 54420 | Vaults:5 | Got Sif Muna's Folio of the Violent Charnel House
 54473 | Vaults:5 | Gained mutation: You expend magic power (3 MP) to
                  | strengthen your wands. [a shining eye]
 54631 | Vaults:5 | Noticed an ancient lich
 54640 | Vaults:5 | Killed an ancient lich
 54926 | Vaults:5 | Acquired 966 gold pieces
 54977 | Vaults:5 | Found the +4 robe of Folly {Brill Will-∞ Int+8}
 55103 | Vaults:5 | Identified the +8 hand axe of Bellicose Defiance {freeze,
                  | rPois Str-3 Int+8 Dex-3}
 55111 | Vaults:5 | Identified the ring of Menaavue {rPois Int+2}
 55169 | Vaults:5 | Got a silver rune of Zot
 55171 | Vaults:5 | Identified the ring "Fulampon" {rN+ Int+3}
 55173 | Vaults:5 | Identified the ring of the Echidna {rPois rN++}
 55516 | Depths:3 | Bought a scroll of silence for 218 gold pieces
 55572 | Zot:1    | Entered Level 1 of the Realm of Zot
 55926 | Zot:3    | Reached XP level 25. HP: 176/235 MP: 13/35
 56326 | Zot:5    | Entered Level 5 of the Realm of Zot
 56621 | Zot:5    | Noticed a dread lich
 56625 | Zot:5    | Noticed an ancient lich
 56632 | Zot:5    | Killed a dread lich
 56636 | Zot:5    | Killed an ancient lich
 56655 | Zot:5    | Noticed an orb of fire
 56660 | Zot:5    | Noticed an orb of fire
 56661 | Zot:5    | Gained mutation: You are partially covered in iridescent
                  | scales. (AC +2) [an orb of fire]
 56680 | Zot:5    | Gained mutation: You sometimes lose your temper in combat.
                  | [an orb of fire]
 56692 | Zot:5    | Killed an orb of fire
 56694 | Zot:5    | Killed an orb of fire
 56909 | Zot:5    | Noticed a Killer Klown
 56956 | Zot:5    | Killed a Killer Klown
 56970 | Zot:5    | Noticed an orb of fire
 56980 | Zot:5    | Gained mutation: You have an uncontrollable temper. [an orb
                  | of fire]
 56984 | Zot:5    | Killed an orb of fire
 56993 | Zot:5    | Noticed a Killer Klown
 57160 | Zot:5    | Killed a Killer Klown
 57269 | Zot:5    | Noticed an orb of fire
 57271 | Zot:5    | Noticed an orb of fire
 57276 | Zot:5    | Noticed a Killer Klown
 57278 | Zot:5    | Noticed a Killer Klown
 57280 | Zot:5    | Killed an orb of fire
 57304 | Zot:5    | HP: 9/237 [Orb Guardian (23)]
 57491 | Zot:5    | Killed a Killer Klown
 57521 | Zot:5    | Gained mutation: You are dopey. (Int -2) [an orb of fire]
 57528 | Zot:5    | Gained mutation: You have sharp toenails. [an orb of fire]
 57530 | Zot:5    | Killed an orb of fire
 57568 | Zot:5    | Killed a Killer Klown
 57691 | Zot:5    | Got the Orb of Zot
 57739 | Zot:5    | Noticed Hamair the pandemonium lord
 58187 | D:13     | Noticed Esaluhara the pandemonium lord
 58193 | D:13     | Killed Esaluhara the pandemonium lord
 58195 | D:13     | HP: 2/218 [spore (19)]
 58437 | D:10     | Noticed Ilihuybb the pandemonium lord
 58531 | D:5      | Reached XP level 26. HP: 225/237 MP: 36/36
 58613 | D:$      | Escaped with the Orb!

Illustrated notes

Levels and vault maps discovered:
D:1:      minmay_arrival_up_and_down, layout_basic
D:2:      layout_rooms, shapermc_ecumenical_altar_acropolis, serial_shops,
          nicolae_shop_trees, st_stairs_7, uniq_jessica
D:3:      layout_rooms, hangedman_decor_opposing, dreamdust_princess_corridor,
          minmay_misc_feat_cross, hangedman_glass_teeth
D:4:      layout_gridville, minmay_temple_entry_junction
D:5:      layout_rooms, mainiacjoe_overflow_surrounded_room,
          gup_sewer_entry_pipe, st_stairs_14, uniq_prince_ribbit1
D:6:      layout_layer_cave, amethyst_overflow_temple_binary,
          kennysheep_orc_sif_temple
D:7:      layout_rooms, mainiacjoe_overflow_paths, nrook_pool_corridor,
          lightli_minifort
D:8:      nzn_winding_woodlands_cross [nzn_winding_woodlands_5x15_pool,
          nzn_winding_woodlands_5x15_crooked,
          nzn_winding_woodlands_5x15_sidewinder,
          nzn_winding_woodlands_5x15_lazy_stream,
          nzn_winding_woodlands_15x15_eel_pit], layout_gridville
D:9:      layout_roguey, enter_bailey_2
D:10:     layout_rooms, lemuel_tele_altar, minmay_shattered_shrine, uniq_harold
D:11:     layout_roguey, erik_lair_orcish_takeover,
          eat_drink_and_be_merry_uskayaw
D:12:     layout_cave_pools, orc_david_3, uniq_nergalle
D:13:     layout_loops_ring, serial_shops, bzr_entry_customers, uniq_nessos,
          uniq_snorg, uniq_azrael
D:14:     minmay_blocky_corners, layout_basic, grunt_vaults_entry_fortified,
          nicolae_eternal_life, serial_shops, shop, nicolae_stop_n_shop_2,
          nicolae_shop_window_shopping, nicolae_take_the_stairs, uniq_frances
D:15:     hangedman_depths_entry_civil_slaughter, layout_stronghold,
          nicolae_qazlal_scattered_showers
Temple:   regret_index_temple_sphere_string
Lair:1:   layout_layer_cave, kennysheep_rathole
Lair:2:   layout_regular_city, lemuel_fruit_fields
Lair:3:   layout_gridlike, elwin_shoals_entry_stream,
          nicolae_spider_entry_tight_spaces, minivault_24
Lair:4:   layout_hall_layers, lemuel_oklob_altar, serial_bayou_shore_b,
          infiniplex_staircase_pool_2, grunt_megastairs_3
Lair:5:   minmay_lair_end_enchanted_forest, layout_regular_city,
          minmay_slime_entry_oklob_open, grunt_megastairs_2
Shoals:1: cheibrodos_shoals_baths, layout_shoals, serial_shops, shop,
          ldierk_geyser
Shoals:2: cheibrodos_shoals_three_sisters, layout_shoals,
          nicolae_shop_overcharged_wands
Shoals:3: layout_shoals, gammafunk_ghost_tricky_traps, serial_shops, shop_statue
Shoals:4: shoals_end_hellmonk_lost_city
Spider:1: layout_cave_pods, uniq_aizul, uniq_agnes, uniq_mlioglotl
Spider:2: layout_chambers, uniq_arachne
Spider:3: layout_spider_delve
Spider:4: hellmonk_spider_rune_endless_swarm
Orc:1:    layout_diamond_mine
Orc:2:    st_orc_town, layout_caves, serial_shops,
          nicolae_shop_overgrown_old_shop, nicolae_orc_lava_tube
Elf:1:    nicolae_elf_arrival_fired_up, layout_geoelf_octagon, serial_shops,
          nicolae_shop_stone, basic_altar, evilmike_minifort
Elf:2:    elven_hall_of_blades_hangedman_alternative
          [mumra_blade_entry_bloodbath], layout_loops_cross,
          portal_desolation_entry_salt, serial_shops, nicolae_shop_crystal,
          nicolae_shop_i_like_big_books, minivault_27
Elf:3:    minmay_elf_hall_quartered_circle, layout_loops_cross,
          gammafunk_ghost_split
Vaults:1: vaults_room_grunt_arrival_ludios, hangedman_vaults_corner,
          nicolae_vaults_specimen_jars, nicolae_vaults_little_squares_2,
          v_misc_4, layout_vaults_quadrants, serial_shops, shop,
          nicolae_shop_trees, shop, nicolae_diamond_shop
Vaults:2: advil_vaults_ghost_lines, ontoclasm_vaults_ring_small,
          ontoclasm_vaults_ligature, vaults_mumra_hex, v_misc_19,
          minmay_crypt_entry_necro_gods, vaults_room_corners, v_misc_30,
          ontoclasm_vaults_claustrophobia, hangedman_vaults_cutoff,
          layout_vaults_big_room, serial_shops, nicolae_shop_trees, shop,
          nicolae_shop_hallway_stairs
Vaults:3: v_misc_19, vaults_dpeg_emergency_exit, nicolae_vaults_three_branches,
          v_misc_24, v_rooms_5, ontoclasm_vaults_shuriken,
          nicolae_vaults_statue_guard, v_alt_pattern_2, serial_ice_h,
          ontoclasm_vaults_ring_small, ontoclasm_vaults_twist,
          hangedman_vaults_nails, ontoclasm_vaults_gateway,
          vaults_mumra_chevron_long, nicolae_vaults_little_squares_2,
          v_pattern_1, v_misc_11, layout_vaults_maze_bifur
Vaults:4: v_misc_3, vaults_room_octagon, hangedman_vaults_slice,
          vaults_mumra_lcd, vaults_room_fancy_cross, st_more_cells,
          grunt_vaults_bifocal, vaults_room_semicircle, v_pattern_4,
          vaults_dpeg_hooks, v_misc_18, nicolae_vaults_border_crossing,
          grunt_vaults_diagonal, v_misc_16, ontoclasm_vaults_fault,
          layout_vaults_big_cross, uniq_margery
Vaults:5
Depths:1: layout_cave_shapes, enter_ziggurat_c, nicolae_elyvilon_temple_path,
          grunt_metal_band, rand_demon_pan_entry_5, lemuel_flamethrower_2
Depths:2: nicolae_cairo_tiling_very_big, layout_cross, serial_column_ruins,
          column_ruins_hut, column_ruins_temple_hall, column_ruins_grid_1,
          column_ruins_grid_3, column_ruins_columns_corner,
          column_ruins_corridor_plus, hell_entry, pan_entry
Depths:3: angbandy_vault, layout_cave_pools, hell_entry, abyss_entry,
          serial_shops, nicolae_shop_window_shopping, minmay_shop_star
Depths:4: lemuel_castle_with_subvaults [lemuel_castle_interior_carwin_3],
          layout_gridville, hell_entry, fedhas_altar_fruit_tree
Zot:1:    layout_basic, bh_zot_ikea_curve, skrybe_zot_glass_1, uniq_parghit
Zot:2:    kennysheep_six_static_rooms, layout_misc_corridors
Zot:3:    layout_onion_interference
Zot:4:    layout_cathedral_of_symmetry, grunt_megastairs_5
Zot:5:    layout_basic, skrybe_zot_glass_3

Skill      XL: |  1  2  3  4  5  6  7  8  9 10 11 12 13 14 15 16 17 18 19 20 21 22 23 24 25 |
---------------+----------------------------------------------------------------------------+-----
Axes           | 3 4 5 7 8 9 11 12 13 14 16 17 | 17.9
Fighting       | 4 5 6 7 8 9 10 12 13 14 15 16 17 18 19 20 21 22 | 22.0
Armour         | 4 5 6 7 8 9 11 12 13 14 15 16 17 18 19 20 21 22 | 22.0
Shields        | 4 5 6 7 8 9 10 11 12 13 14 15 16 17 18 19 20 21 22 | 22.0
Throwing       | 1 2 3 4 5 6 8 9 10 12 13 14 15 16 | 16.0
Invocations    | 1 2 3 4 5 7 8 9 11 13 14 15 16 17 18 19 20 | 20.2
Maces & Flails | 1 |  1.8
Evocations     | 3 4 6 8 10 11 12 13 14 15 16 | 16.8
Dodging        | 1 5 8 10 11 13 14 | 14.9

Action                     |  1- 3 |  4- 6 |  7- 9 | 10-12 | 13-15 | 16-18 | 19-21 | 22-24 | 25-27 || total
---------------------------+-------+-------+-------+-------+-------+-------+-------+-------+-------++-------
  Melee: War axe           |    65 |    97 |    95 |       |       |       |       |       |       ||   257
         Headbutt          |     9 |    16 |    29 |    63 |   121 |   327 |   238 |   262 |    82 ||  1147
         Flail             |       |       |    24 |       |       |       |       |       |       ||    24
         Hand axe          |       |       |    83 |   396 |   532 |  1232 |       |       |       ||  2243
         Broad axe         |       |       |       |       |       |    35 |  1009 |   932 |   353 ||  2329
  Throw: Dart              |       |    13 |    18 |    26 |     4 |    39 |    21 |       |       ||   121
         Boomerang         |       |       |       |    10 |       |   222 |       |       |    18 ||   250
         Javelin           |       |       |       |     7 |    18 |    28 |   127 |   110 |    10 ||   300
 Invoke: Upheaval          |       |       |     2 |     3 |     1 |     8 |     3 |       |       ||    17
         Elemental Force   |       |       |       |     3 |     3 |     6 |     6 |     4 |    11 ||    33
         Disaster Area     |       |       |       |     1 |       |     6 |     7 |     9 |     1 ||    24
  Evoke: Wand              |       |       |       |    16 |       |     4 |    14 |       |       ||    34
         Phantom mirror    |       |       |       |       |     1 |     1 |     1 |       |       ||     3
         Lightning rod     |       |       |       |       |       |       |       |     6 |       ||     6
    Use: Scroll            |       |     4 |     3 |    16 |     5 |    22 |     8 |    12 |    14 ||    84
         Potion            |       |     2 |     2 |     3 |     3 |    12 |     7 |     2 |    22 ||    53
   Stab: Distracted        |       |       |       |     2 |     1 |       |     1 |     2 |     1 ||     7
         Confused          |       |       |       |     2 |       |       |       |       |       ||     2
         Paralysed         |       |       |       |       |     2 |     3 |     1 |     4 |     3 ||    13
         Invisible         |       |       |       |       |       |     3 |       |       |       ||     3
 Armour: Scale mail        |    39 |    21 |       |       |       |       |       |       |       ||    60
         Plate armour      |       |    43 |    76 |   152 |    48 |       |       |       |       ||   319
         Gold dragon scale |       |       |       |       |   168 |   594 |   427 |   456 |   173 ||  1818
  Dodge: Dodged            |    19 |    45 |    61 |   177 |   183 |   350 |   304 |   313 |   131 ||  1583
         Repelled          |       |       |       |       |     3 |     8 |    23 |    26 |     9 ||    69
  Block: Buckler           |    13 |    28 |    87 |   236 |   394 |   254 |       |       |       ||  1012
         Kite shield       |       |       |       |       |       |  1160 |   736 |       |       ||  1896
         Tower shield      |       |       |       |       |       |       |   447 |  1350 |   495 ||  2292

Table legend: (Time is in decaauts)
 A = Elapsed time spent in this place.
 B = Non-inter-level travel time spent in this place.
 C = Inter-level travel time spent in this place.
 D = Time resting spent in this place.
 E = Time spent auto-exploring this place.
 F = Levels seen in this place.
 G = Mean time per level.
                   A        B        C        D        E       F      G
               +--------+--------+--------+--------+--------+-----+--------+
         Total |  59221 |  54743 |   4478 |  11389 |  28508 |  52 | 1138.9 |
       Dungeon |  17074 |  15142 |   1932 |   3192 |   8835 |  15 | 1138.3 |
        Temple |    152 |    134 |     18 |      0 |    111 |   1 |  152.0 |
          Lair |   7122 |   6770 |    352 |   1672 |   3968 |   5 | 1424.4 |
        Shoals |   5729 |   5192 |    537 |   1890 |   1905 |   4 | 1432.2 |
   Spider Nest |   7146 |   6892 |    254 |   2232 |   3305 |   4 | 1786.5 |
  Orcish Mines |   2277 |   2092 |    185 |    402 |   1144 |   2 | 1138.5 |
   Elven Halls |   4093 |   3793 |    300 |    443 |   1663 |   3 | 1364.3 |
        Vaults |   6587 |   6055 |    532 |    499 |   3938 |   5 | 1317.4 |
        Depths |   5051 |   4714 |    337 |    303 |   2347 |   4 | 1262.8 |
           Zot |   2394 |   2366 |     28 |    679 |    355 |   5 |  478.8 |
        Bazaar |    135 |    135 |      0 |      0 |     49 |   1 |  135.0 |
         Sewer |    185 |    185 |      0 |      0 |    124 |   1 |  185.0 |
        Bailey |    470 |    470 |      0 |      0 |    319 |   1 |  470.0 |
    Desolation |    800 |    800 |      0 |     75 |    442 |   1 |  800.0 |
               +--------+--------+--------+--------+--------+-----+--------+

Top non-repeatable levels by time:
    D:14: 2322 daAuts
Spider:1: 2313 daAuts
Shoals:3: 1943 daAuts
Spider:2: 1895 daAuts
Vaults:1: 1800 daAuts
     D:6: 1735 daAuts
Spider:4: 1647 daAuts
  Lair:4: 1613 daAuts
  Lair:5: 1594 daAuts
     D:8: 1555 daAuts
Depths:4: 1546 daAuts
Shoals:1: 1524 daAuts
Vaults:2: 1486 daAuts
   Orc:2: 1465 daAuts
   Elf:1: 1420 daAuts
